 Dungeon Crawl Stone Soup version 0.29-a0-559-g359e09b9d1 (webtiles) character file.

Game seed: 388034314369366284

2685 DocClef the Covert (level 9, -7/66 HPs)
             Began as a Gnoll Delver on June 9, 2022.
             Was a Priest of Hepliaklqana.
             Mangled by an orc knight
             ... wielding a +0 war axe
              (26 damage)
             ... in a bailey.
             The game lasted 00:07:21 (6685 turns).

DocClef the Covert (Gnoll Delver)                   Turns: 6685, Time: 00:07:22

Health: -7/66      AC:  4    Str: 11    XL:     9   Next: 64%
Magic:  15/15      EV: 15    Int: 10    God:    Hepliaklqana [***...]
Gold:   223        SH:  0    Dex: 20    Spells: 16/16 levels left

rFire   . . .      SeeInvis +   y - +8 short sword of Qida {vorpal, rCorr Dex+2 SInv}
rCold   + . .      Faith    .   C - orb {*Rage}
rNeg    . . .      Spirit   .   b - +0 leather armour
rPois   .          Reflect  .   (no helmet)
rElec   .          Harm     .   B - +0 cloak
rCorr   +          Rampage  .   (no gloves)
Will    .....      Rage     20% (no boots)
Stlth   +++++.....              (no amulet)
HPRegen 0.21/turn               n - ring of protection from cold
MPRegen 0.14/turn               (no ring)

@: no status effects
A: reduced essence, fangs 1, strong nose, distributed training
a: Renounce Religion, Recall Ancestor, Ancestor Identity, Transference


You were in a bailey.
You worshipped Hepliaklqana.
Hepliaklqana was most pleased with you.
You visited 2 branches of the dungeon, and saw 7 of its levels.
You also visited: Bailey.

You collected 223 gold pieces.

Inventory:

Hand Weapons
 a - a +0 short sword
 v - a +0 antimagic dagger
 y - the +8 short sword of Qida (weapon) {vorpal, rCorr Dex+2 SInv}
   (You found it on level 5 of the Dungeon)

   It inflicts extra damage upon your enemies.
   Dex:       It affects your dexterity (+2).
   SInv:      It lets you see invisible.
   rCorr:     It protects you from acid and corrosion.
Armour
 b - a +0 leather armour (worn)
 B - a +0 cloak (worn)
 C - an orb of wrath (worn)
Jewellery
 n - a ring of protection from cold (left hand)
 s - a ring of wizardry
Wands
 g - a wand of digging (3)
 A - a wand of polymorph (5)
Scrolls
 c - 3 scrolls of fog
 e - a scroll of fear
 h - a scroll of brand weapon {unknown}
 i - 14 scrolls of identify {unknown}
 o - 2 scrolls of noise {unknown}
 q - a scroll of enchant armour {unknown}
 t - 2 scrolls of teleportation {unknown}
 w - a scroll of silence {unknown}
 x - a scroll of torment {unknown}
 D - a scroll of summoning {unknown}
 E - a scroll of blinking {unknown}
Potions
 d - 2 potions of heal wounds {unknown}
 f - 2 potions of haste
 j - 7 potions of curing {unknown}
 k - a potion of ambrosia {unknown}
 l - 4 potions of brilliance {unknown}
 m - 4 potions of invisibility {unknown}
 p - 2 potions of degeneration {unknown}
 r - a potion of lignification {unknown}
 u - a potion of mutation {unknown}
 z - a potion of resistance {unknown}
 F - a potion of magic {unknown}


   Skills:
 + Level 8.0 Fighting
 + Level 6.4 Short Blades
 + Level 4.4 Long Blades
 + Level 4.4 Axes
 + Level 4.4 Maces & Flails
 + Level 4.4 Polearms
 + Level 4.4 Staves
 + Level 4.4 Slings
 + Level 4.4 Bows
 + Level 4.4 Crossbows
 + Level 4.4 Throwing
 + Level 4.4 Armour
 + Level 6.4 Dodging
 + Level 10.6 Stealth
 + Level 4.4 Shields
 + Level 4.4 Unarmed Combat
 + Level 4.4 Spellcasting
 + Level 3.6 Conjurations
 + Level 3.6 Hexes
 + Level 3.6 Summonings
 + Level 3.6 Necromancy
 + Level 3.6 Translocations
 + Level 3.6 Transmutations
 + Level 3.6 Fire Magic
 + Level 3.6 Ice Magic
 + Level 3.6 Air Magic
 + Level 3.6 Earth Magic
 + Level 3.6 Poison Magic
 + Level 4.9 Invocations
 + Level 4.4 Evocations


You had 16 spell levels left.
You didn't know any spells.
Your spell library contained the following spells:

 Spells                   Type           Power      Damage    Failure   Level
 Shock                    Conj/Air       36%        1d5       7%          1
 Swiftness                Air            9%         N/A       21%         3
 Airstrike                Air            4%         N/A       56%         4


Dungeon Overview and Level Annotations

Branches:
Dungeon (7/15)             Temple (1/1) D:4          Bailey (1/1)

Altars:
Ashenzari
Cheibriados
Dithmenos
Elyvilon
Fedhas
Gozag
Hepliaklqana
Kikubaaqudgha
Makhleb
Nemelex Xobeh
Okawaru
Qazlal
Ru
Sif Muna
Trog
Uskayaw
Vehumet
Wu Jian
Xom
Yredelemnul
Zin
The Shining One

Shops:
D:2 [


Innate Abilities, Weirdness & Mutations

Your life essence is reduced to manifest your ancestor. (-10% HP)
You have very sharp teeth.
Your uncanny sense of smell can sniff out nearby items.
Your experience applies equally to all skills.


Message History

d - a cyan potion
D - a scroll labelled XACICL HERPH
f - 2 potions of haste (gained 1)
m - 4 red potions (gained 1)
There is a gate leading back out of this place here.
E - a scroll labelled QULINUL MUXTUU
d - 2 cyan potions (gained 1)
F - a smoky brown potion
c - 3 scrolls of fog (gained 1)
You open the door.
A hobgoblin and 2 orcs come into view.
There are monsters nearby!
There are monsters nearby!
An orc and an orc knight come into view.
There is an open door here.
A goblin comes into view. It is wielding a +0 war axe.
The helpless orc fails to defend itself.
You perforate the orc like a sieve!!!
You kill the orc!
The goblin shouts!
The orc shouts!
The hobgoblin shouts!
The orc knight shouts!
You hear a shout!
The orc knight hits you with a +0 war axe!!
You hit the orc knight.
The orc knight is lightly wounded.
A hobgoblin comes into view. It is wielding a +0 hand axe.
The orc knight closely misses you.
A goblin comes into view. It is wielding a +0 hand axe.
Xiuhtonal hits the orc with a +0 quarterstaff.
You puncture the orc!
You kill the orc!
The orc knight hits you with a +0 war axe!!
* * * LOW HITPOINT WARNING * * *
Xiuhtonal gestures at the goblin while chanting.
The puff of frost hits the goblin!
The goblin dies!
You are too injured to fight recklessly!
You barely miss the orc knight.
The orc knight is lightly wounded.
The orc knight hits you with a +0 war axe!!
You die...

#∩....⌠.....+
∆∆#
#..........8#
∆∆#
#..........8#
∆∆#
##.........###
∆ #
###.....###.###
###.#'#.....#
###........
#).)R.....
#.@o...g..
#o..g.⌠g..
#.........
#.........
##........
###.....#
##.### ##


You could see the friendly Xiuhtonal the battlemage, an orc knight (ally
target), an orc, 2 hobgoblins and a goblin.

Vanquished Creatures
  An orc knight (Bailey)
  Edmund (D:6)
  5 orc warriors (Bailey)
  2 ogres (D:4)
  A centaur (D:4)
  A phantom (D:5)
  2 bullfrogs
  4 scorpions
  2 necrophages
  A hound (D:5)
  Crazy Yiuf (D:6)
  3 iguanas
  A gnoll (Bailey)
  5 adders
  A shadow imp (D:5)
  A white imp (D:6)
  A dart slug (D:2)
  10 orcs
  8 endoplasms
  2 giant cockroaches
  7 goblins
  9 hobgoblins
  4 kobolds
  3 quokkas
  3 ball pythons
  3 frilled lizards
  3 rats
85 creatures vanquished.

Vanquished Creatures (collateral kills)
  Eustachio (D:6)
  2 orc warriors (Bailey)
  A phantom (D:6)
  A scorpion (D:6)
  An orc priest (D:5)
  An iguana (D:5)
  An orc wizard (D:5)
  2 gnolls (Bailey)
  An ufetubus (D:5)
  2 worms
  A dart slug (D:2)
  6 orcs
  4 endoplasms (D:2)
  4 hobgoblins
  3 kobolds
  2 ball pythons (D:2)
  2 bats (D:2)
  5 goblins
  A rat (D:2)
41 creatures vanquished.

Vanquished Creatures (others)
  A battlemage (Bailey)
1 creature vanquished.

Grand Total: 127 creatures vanquished

Notes
Turn   | Place    | Note
-------+----------+-------------------------------------------
     0 | D:5      | Reached skill level 9 in Stealth
     0 | D:5      | DocClef the Gnoll Delver began the quest for the Orb.
     0 | D:5      | Reached XP level 1. HP: 23/23 MP: 1/1
     8 | D:5      | Noticed an iguana
    28 | D:5      | Killed an iguana
    29 | D:5      | Reached XP level 2. HP: 7/29 MP: 2/2
    29 | D:5      | Reached XP level 3. HP: 9/35 MP: 3/3
   285 | D:5      | Reached skill level 1 in Long Blades
   285 | D:5      | Reached skill level 1 in Axes
   285 | D:5      | Reached skill level 1 in Maces & Flails
   285 | D:5      | Reached skill level 1 in Polearms
   285 | D:5      | Reached skill level 1 in Staves
   285 | D:5      | Reached skill level 1 in Slings
   285 | D:5      | Reached skill level 1 in Bows
   285 | D:5      | Reached skill level 1 in Crossbows
   285 | D:5      | Reached skill level 1 in Throwing
   285 | D:5      | Reached skill level 1 in Armour
   285 | D:5      | Reached skill level 1 in Shields
   285 | D:5      | Reached skill level 1 in Unarmed Combat
   285 | D:5      | Reached skill level 1 in Spellcasting
   285 | D:5      | Reached skill level 1 in Invocations
   285 | D:5      | Reached skill level 1 in Evocations
   443 | D:4      | Found a staircase to the Ecumenical Temple.
   449 | D:4      | Reached XP level 4. HP: 41/41 MP: 5/5
   465 | Temple   | Entered the Ecumenical Temple
   777 | Temple   | Became a worshipper of Hepliaklqana the Forgotten
   862 | D:4      | Noticed an ogre
   887 | D:4      | Killed an ogre
   888 | D:4      | Reached skill level 1 in Conjurations
   888 | D:4      | Reached skill level 1 in Hexes
   888 | D:4      | Reached skill level 1 in Summonings
   888 | D:4      | Reached skill level 1 in Necromancy
   888 | D:4      | Reached skill level 1 in Translocations
   888 | D:4      | Reached skill level 1 in Transmutations
   888 | D:4      | Reached skill level 1 in Fire Magic
   888 | D:4      | Reached skill level 1 in Ice Magic
   888 | D:4      | Reached skill level 1 in Air Magic
   888 | D:4      | Reached skill level 1 in Earth Magic
   888 | D:4      | Reached skill level 1 in Poison Magic
   888 | D:4      | Reached XP level 5. HP: 36/47 MP: 5/7
  1443 | D:4      | Noticed a centaur
  1450 | D:4      | Killed a centaur
  1451 | D:4      | Reached XP level 6. HP: 53/53 MP: 8/8
  1553 | D:4      | Reached skill level 5 in Short Blades
  1553 | D:4      | Reached skill level 5 in Dodging
  1796 | D:4      | Reached XP level 7. HP: 59/59 MP: 10/10
  2214 | D:3      | Reached * piety under Hepliaklqana
  2339 | D:3      | Found a radiant altar of Vehumet.
  2346 | D:3      | Found an iron altar of Okawaru.
  2785 | D:3      | Reached ** piety under Hepliaklqana
  2786 | D:3      | Remembered your ancestor Xiuhtonal as a battlemage
  3034 | D:2      | Found Igig's Antique Armour Emporium.
  3050 | D:2      | You fall into a shaft and drop 2 floors!
  3104 | D:2      | Found a white marble altar of Elyvilon.
  3122 | D:2      | Found a faded altar of an unknown god.
  4251 | D:5      | Reached skill level 10 in Stealth
  4767 | D:5      | Reached XP level 8. HP: 60/60 MP: 4/12
  4768 | D:5      | Identified the +8 short sword of Qida {vorpal, rCorr Dex+2
                  | SInv}
  5268 | D:6      | Found a runed translucent door.
  5269 | D:6      | Noticed Crazy Yiuf
  5552 | D:6      | Noticed Edmund
  5558 | D:6      | Killed Edmund
  5654 | D:6      | Noticed Eustachio
  5663 | D:6      | Killed Eustachio
  5937 | D:6      | Killed Crazy Yiuf
  6047 | D:7      | Reached *** piety under Hepliaklqana
  6060 | D:7      | Found a flagged portal.
  6078 | Bailey   | Entered a bailey
  6130 | Bailey   | Reached XP level 9. HP: 48/64 MP: 14/14
  6487 | Bailey   | Noticed an orc knight
  6507 | Bailey   | Killed an orc knight
  6678 | Bailey   | Noticed an orc knight
  6685 | Bailey   | Mangled by an orc knight

Illustrated notes

Levels and vault maps discovered:
D:2:      minmay_razor_zed, layout_basic, basic_altar, serial_shops, shop,
          shapermc_ecumenical_altar_totnotflames
D:3:      layout_basic, mainiacjoe_overflow_large_starburst
D:4:      cheibrodos_old_hovel, layout_cave_pods, temple_pool_b
D:5:      layout_basic
D:6:      layout_loops_ring, uniq_crazy_yiuf_cottage, uniq_edmund,
          uniq_eustachio
D:7:      layout_basic, enter_bailey_2
Temple:   mainiacjoe_temple_cubbyholes
Bailey:   bailey_axe_minmay_hex_keep, bailey

Skill      XL: |  1  2  3  4  5  6  7  8  9 |
---------------+----------------------------+-----
Stealth        | 10 | 10.6
Long Blades    | 1 2 3 4 |  4.4
Axes           | 1 2 3 4 |  4.4
Maces & Flails | 1 2 3 4 |  4.4
Polearms       | 1 2 3 4 |  4.4
Staves         | 1 2 3 4 |  4.4
Slings         | 1 2 3 4 |  4.4
Bows           | 1 2 3 4 |  4.4
Crossbows      | 1 2 3 4 |  4.4
Throwing       | 1 2 3 4 |  4.4
Armour         | 1 2 3 4 |  4.4
Shields        | 1 2 3 4 |  4.4
Unarmed Combat | 1 2 3 4 |  4.4
Spellcasting   | 1 2 3 4 |  4.4
Invocations    | 1 2 3 4 |  4.9
Evocations     | 1 2 3 4 |  4.4
Conjurations   | 1 2 3 |  3.6
Hexes          | 1 2 3 |  3.6
Summonings     | 1 2 3 |  3.6
Necromancy     | 1 2 3 |  3.6
Translocations | 1 2 3 |  3.6
Transmutations | 1 2 3 |  3.6
Fire Magic     | 1 2 3 |  3.6
Ice Magic      | 1 2 3 |  3.6
Air Magic      | 1 2 3 |  3.6
Earth Magic    | 1 2 3 |  3.6
Poison Magic   | 1 2 3 |  3.6
Short Blades   | 5 6 |  6.4
Dodging        | 5 6 |  6.4
Fighting       | 7 8 |  8.0

Action                   |  1- 3 |  4- 6 |  7- 9 || total
-------------------------+-------+-------+-------++-------
Melee: Short sword       |    24 |    68 |   159 ||   251
       Bite              |     4 |     8 |    25 ||    37
       Punch             |       |     4 |     7 ||    11
       Dagger            |       |       |    64 ||    64
Invok: Ancestor Life: Ba |       |       |     1 ||     1
  Use: Scroll            |       |       |     1 ||     1
 Stab: Sleeping          |     1 |     8 |    21 ||    30
       Distracted        |       |       |     3 ||     3
Armor: Leather armour    |     2 |    12 |    16 ||    30
Dodge: Dodged            |    10 |    36 |   108 ||   154

Table legend: (Time is in decaauts)
 A = Elapsed time spent in this place.
 B = Non-inter-level travel time spent in this place.
 C = Inter-level travel time spent in this place.
 D = Time resting spent in this place.
 E = Time spent auto-exploring this place.
 F = Levels seen in this place.
 G = Mean time per level.
                   A        B        C        D        E       F      G
               +--------+--------+--------+--------+--------+-----+--------+
         Total |   6671 |   6351 |    320 |   1191 |   4320 |   8 |  833.9 |
       Dungeon |   5674 |   5408 |    266 |    876 |   3789 |   6 |  945.7 |
        Temple |    367 |    313 |     54 |      0 |    302 |   1 |  367.0 |
        Bailey |    628 |    628 |      0 |    315 |    229 |   1 |  628.0 |
               +--------+--------+--------+--------+--------+-----+--------+

Top non-repeatable levels by time:
     D:4: 1608 daAuts
     D:5: 1428 daAuts
     D:6: 1007 daAuts
     D:3: 835 daAuts
     D:2: 756 daAuts
  Bailey: 628 daAuts
  Temple: 367 daAuts
     D:7: 38 daAuts
